 Dungeon Crawl Stone Soup version 0.20-a0-1026-gc3ddcbd (webtiles) character file.

980 JeffiDaFish the Shield-Bearer (level 8, -9/48 HPs)
             Began as a Gargoyle Fighter on Apr 20, 2017.
             Was a Follower of Okawaru.
             Killed by divine providence
             ... invoked by an orc priest
              (12 damage)
             ... on level 6 of the Dungeon.
             The game lasted 00:09:45 (3357 turns).

JeffiDaFish the Shield-Bearer (Gargoyle Fighter)    Turns: 3357, Time: 00:09:46

Health: -9/48      AC: 16    Str: 21    XL:     8   Next: 17%
Magic:  8/8        EV:  9    Int:  8    God:    Okawaru [*.....]
Gold:   171        SH: 10    Dex: 11    Spells: 7/7 levels left

rFire    . . .     SeeInvis .   a - +0 flail
rCold    . . .     Gourm    .   c - +0 shield
rNeg     + . .     Faith    .   h - +2 scale mail {MR+}
rPois    ∞         Spirit   .   (no helmet)
rElec    +         Reflect  .   (no cloak)
rCorr    .         Harm     .   d - +1 pair of gloves
MR       +....                  (no boots)
Stlth    ..........             (no amulet)
Regen    0.2/turn               (no ring)
MPRegen  0.2/turn               (no ring)

@: no status effects
A: negative energy resistance 1, electricity resistance, unbreathing,
petrification resistance, rot immunity, AC +5
a: Heroism, Renounce Religion


You were on level 6 of the Dungeon.
You worshipped Okawaru.
Okawaru was aware of your devotion.
You were not hungry.

You visited 1 branch of the dungeon, and saw 5 of its levels.
You also visited: Sewer.

You collected 171 gold pieces.

Inventory:

Hand Weapons
 a - a +0 flail (weapon)
Armour
 c - a +0 shield (worn)
 d - a +1 pair of gloves (worn)
 h - a +2 scale mail of magic resistance (worn)
Wands
 o - a wand of acid (5/15)
Scrolls
 b - a scroll of remove curse
 e - a scroll of recharging
 i - a scroll of identify
 n - a scroll of magic mapping
 q - 3 scrolls of blinking
 r - a scroll of fear
Potions
 p - a potion of curing
Comestibles
 f - 3 bread rations
 g - 2 meat rations
 j - 4 fruits
 l - 3 chunks of flesh
 m - a royal jelly


   Skills:
 + Level 4.8 Fighting
 + Level 5.7 Maces & Flails
 + Level 4.6 Armour
 + Level 2.4 Dodging
 + Level 6.2 Shields


You had 7 spell levels left.
You didn't know any spells.

Dungeon Overview and Level Annotations

Branches:
Dungeon (6/15)             Temple (0/1) D:5

Altars:
Ashenzari
Hepliaklqana
Kikubaaqudgha
Nemelex Xobeh
Okawaru
Wu Jian

Shops:
D:6 !


Innate Abilities, Weirdness & Mutations

You are resistant to torment.
Your stone body is resilient. (AC +5)
You are immune to poison.
You resist negative energy. (rN+)
You are resistant to electric shocks. (rElec)
You can survive without breathing.
You are immune to petrification.
You are immune to rotting.


Message History

You hit the orc warrior but do no damage.
The orc warrior is heavily wounded.
The leopard gecko completely misses you.
The centaur hits you but does no damage.
The orc hits you but does no damage.
The leopard gecko bites you but does no damage.
You block the orc warrior's attack.
You sock the orc warrior!
The orc warrior is almost dead.
The centaur hits you but does no damage.
The orc closely misses you. You block the centaur's attack.
The leopard gecko bites you but does no damage.
The orc warrior hits you with a war axe!
* * * LOW HITPOINT WARNING * * *
You hit the orc but do no damage. The centaur hits you.
* * * LOW HITPOINT WARNING * * *
You block the leopard gecko's attack. The orc misses you.
The orc priest invokes the aid of Beogh against you.
Beogh smites you!
You die...

........##.
...........
##.........#
#.......#..# .
##..........#.
...##⌠.⌠.........!
......_.oc.......#
#..⌠.l@oo......#
#......###o......#
....##.......?....
>.........#.......
. ....... .......
######. ....... #.
....... ## (...oc.
.......


You could see an orc warrior, a centaur, an orc priest, 2 orcs and a leopard
gecko.

Vanquished Creatures
  Eustachio (D:4)
  Edmund (D:6)
  An ice beast (D:5)
  An ogre (D:5)
  A centaur (D:5)
  A crocodile (Sewer)
  Blork the orc (D:4)
  A scorpion (D:5)
  An orc priest (D:6)
  A hound (D:5)
  3 orc wizards (D:5)
  A bullfrog skeleton (D:5)
  An iguana (D:5)
  3 adders
  An adder zombie (D:5)
  An adder skeleton (D:4)
  A worm (D:4)
  6 leopard geckos (D:4)
  3 orcs (D:5)
  3 bats
  5 giant cockroaches
  3 goblins (D:1)
  6 hobgoblins
  7 jackals
  8 kobolds
  A quokka (D:5)
  2 frilled lizards
  A leopard gecko skeleton (D:5)
  7 rats
73 creatures vanquished.

Notes
Turn   | Place    | Note
-------+----------+-------------------------------------------
     0 | D:1      | JeffiDaFish the Gargoyle Fighter began the quest for the Orb.
     0 | D:1      | Reached XP level 1. HP: 14/14 MP: 1/1
    80 | D:1      | Reached XP level 2. HP: 19/19 MP: 2/2
   724 | D:1      | Reached XP level 3. HP: 23/23 MP: 3/3
   898 | D:2      | Found an ancient bone altar of Kikubaaqudgha.
   999 | D:2      | Found a shattered altar of Ashenzari.
  1045 | D:2      | You fall through a shaft for 2 floors!
  1171 | D:4      | Reached skill level 4 in Shields
  1180 | D:4      | Reached XP level 4. HP: 28/28 MP: 4/4
  1196 | D:4      | Found a glowing drain.
  1223 | Sewer    | Entered a sewer
  1287 | Sewer    | Noticed a crocodile
  1295 | Sewer    | Killed a crocodile
  1295 | Sewer    | Reached skill level 1 in Dodging
  1295 | Sewer    | Reached XP level 5. HP: 18/33 MP: 5/5
  1467 | D:4      | Noticed Blork the orc
  1480 | D:4      | Killed Blork the orc
  1611 | D:4      | Found an iron altar of Okawaru.
  1616 | D:4      | Became a worshipper of Warmaster Okawaru
  1848 | D:4      | Noticed Eustachio
  1976 | D:4      | Killed Eustachio
  1976 | D:4      | Reached XP level 6. HP: 30/38 MP: 6/6
  2045 | D:4      | Found a hazy altar of Hepliaklqana.
  2204 | D:5      | Entered Level 5 of the Dungeon
  2215 | D:5      | Reached skill level 5 in Shields
  2237 | D:5      | Found a staircase to the Ecumenical Temple.
  2403 | D:5      | Reached XP level 7. HP: 39/43 MP: 7/7
  2460 | D:5      | Found a hazy altar of Hepliaklqana.
  2494 | D:5      | Found an ornate altar of the Wu Jian Council.
  2683 | D:5      | Reached skill level 5 in Maces & Flails
  2799 | D:5      | Reached * piety under Okawaru
  3207 | D:5      | Reached skill level 6 in Shields
  3207 | D:5      | Reached XP level 8. HP: 39/48 MP: 8/8
  3314 | D:6      | Found Hiokk's Distillery.
  3314 | D:6      | Found a sparkling altar of Nemelex Xobeh.
  3315 | D:6      | Noticed Edmund
  3340 | D:6      | Killed Edmund
  3357 | D:6      | Killed from afar by an orc priest

Vault maps used:
D:1:      dpeg_arrival_ratfight
D:2:      kiku_gazebo_garden_becter, lemuel_doored_altar,
          lemuel_coloured_pillars_altar, first_bread, minmay_pentomino_w2,
          uniq_terence
D:4:      kennysheep_little_box, gup_sewer_entry_pipe,
          okawaru_metal_pillars_1_2, uniq_blork_the_orc, uniq_eustachio
D:5:      lemuel_round_altar, minmay_temple_entry_trees, basic_altar
D:6:      nemelex_xobeh_ov_fountains_minmay, nicolae_overflow_hidden_temple,
          marbit_many_paths, serial_shops, shop, shop, nicolae_shop_waterfront,
          makhleb_blood_cavern_becter, uniq_grinder, uniq_pikel, uniq_sigmund,
          uniq_edmund, uniq_menkaure
Sewer:    sewer_the_crocodile

Skill      XL: |  1  2  3  4  5  6  7 |
---------------+----------------------+-----
Shields        | 4 5 6 |  6.2
Maces & Flails | 3 4 5 |  5.7
Dodging        | 1 2 |  2.4
Armour         | 4 |  4.6
Fighting       | 4 |  4.8

Action                   |  1- 3 |  4- 6 |  7- 9 || total
-------------------------+-------+-------+-------++-------
Melee: Flail             |   136 |   191 |   139 ||   466
  Use: Scroll            |     6 |     5 |     1 ||    12
       Potion            |     1 |     7 |     2 ||    10
  Eat: Chunk             |     1 |     5 |     3 ||     9
Armor: Scale mail        |    58 |   104 |    56 ||   218
       Chain mail        |    11 |       |       ||    11
       Skin              |       |       |    64 ||    64
Dodge: Dodged            |    43 |    86 |    50 ||   179
Block: Shield            |    55 |   122 |   104 ||   281
